[Event "*** Titled Tuesday Blitz"]
[Site "Chess.com"]
[Date "2019.01.01"]
[Round "10"]
[White "Karina_Oparina"]
[Black "Atanejhad"]
[Result "1/2-1/2"]
[WhiteElo "2054"]
[BlackElo "2242"]
[TimeControl "180+2"]
[EndTime "15:19:24 PST"]
[Termination "Game drawn by repetition"]

1. Nf3 Nf6 2. g3 b6 3. Bg2 Bb7 4. O-O g6 5. c4 c5 6. Nc3 Bg7 7. d4 cxd4 8. Nxd4 Bxg2 9. Kxg2 O-O 10. e4 Nc6 11. Be3 Rc8 12. b3 Qc7 13. Rc1 Qb7 14. Nd5 e6 15. Nxc6 dxc6 16. Nxf6+ Bxf6 17. Qf3 Bg7 18. Rfd1 c5 19. Rd3 Rfd8 20. Rcd1 Qe7 21. Bf4 Rxd3 22. Rxd3 Rd8 23. Qd1 Rxd3 24. Qxd3 Bd4 25.
Be3 e5 26. Bxd4 cxd4 27. f4 f6 28. fxe5 fxe5 29. Kf2 Qa3 30. Qc2 Kg7 31. Ke2 g5 32. Kd3 Qf8 33. Qe2 Kg6 34. h3 h5 35. Kc2 Qb4 36. Qf2 Qc3+ 37. Kb1 Qd3+ 38. Qc2 Qf1+ 39.
Kb2 Qxh3 40. Qf2 Qh1 41. Qf5+ Kh6 42. Qf6+ Kh7 43. Qf7+ Kh6 44. Qf6+ Kh7 45. Qf7+ Kh6 46. Qf6+ Kh7 47. Qf7+ Kh6 48. Qf6+ Kh7 49. Qf7+ Kh6 50. Qf6+ 1/2-1/2

[Event "*** Titled Tuesday Blitz"]
[Site "Chess.com"]
[Date "2019.01.01"]
[Round "10"]
[White "Korchmar_Vasiliy"]
[Black "Supernotar"]
[Result "1-0"]
[WhiteElo "2797"]
[BlackElo "2461"]
[TimeControl "180+2"]
[EndTime "15:19:34 PST"]
[Termination "Korchmar_Vasiliy won by checkmate"]

1. d4 d5 2. c4 dxc4 3. e3 Nf6 4. Bxc4 e6 5. Nf3 a6 6. O-O b5 7. Bd3 Bb7 8. a4 b4 9. Nbd2 Nbd7 10. e4 Be7 11. e5 Nd5 12. Ne4 c5 13. Bg5 cxd4 14. Nd6+ Kf8 15. Nxb7 Qc7 16. Bxe7+ Kxe7 17. Nd6 Nxe5 18.
Nxe5 Qxd6 19. Re1 f6 20. Nf3 Nf4 21. Bf1 Rhd8 22. Rc1 Kf8 23. g3 Ng6 24. h4 e5 25. Bd3 Kg8 26. Bxg6 hxg6 27. Qd3 Kf7 28. Rc4 Rd7 29. Rec1 Rad8 30. Rc6 Qd5 31. Nd2 f5 32. Qxa6 e4 33. R6c5 Qa2 34. Nc4 Re7 35. Ne5+ Kg8 36. Qxg6 Qxb2 37. Nc6 Ree8 38. Nxd8 e3 39. Qxe8+ Kh7 40.
Qh5+ Kg8 41. Qf7+ Kh8 42. Qf8+ Kh7 43. Qxf5+ g6 44. Qf7+ Kh6 45. Qf4+ Kh7 46. Rc7+ Kg8 47. Qf7+ Kh8 48. Qh7# 1-0

[Event "*** Titled Tuesday Blitz"]
[Site "Chess.com"]
[Date "2019.01.01"]
[Round "10"]
[White "attack2mateU"]
[Black "ehrenfeld"]
[Result "1-0"]
[WhiteElo "2597"]
[BlackElo "2448"]
[TimeControl "180+2"]
[EndTime "15:19:34 PST"]
[Termination "attack2mateU won by resignation"]

1. e4 e5 2. Nf3 Nc6 3. Bb5 a6 4. Ba4 Nf6 5. O-O Be7 6. Re1 b5 7. Bb3 d6 8. c3 O-O 9. h3 Na5 10. Bc2 c5 11. d4 Qc7 12. d5 c4 13. b4 cxb3 14. axb3 Bd7 15. Bd2 Nb7 16. b4 Ne8 17.
Na3 g6 18. Rc1 Ng7 19. Bd3 Qd8 20. c4 bxc4 21. Nxc4 f5 22. Be3 fxe4 23. Bxe4 Nf5 24. Bb6 Qe8 25. Bc7 Qf7 26. Nb6 Bb5 27. Nxa8 Rxa8 28. Nxe5 Qg7 29. Nc6 Bg5 30. Bxf5 Bxc1 31. Re7 Qb2 32. Be6+ Kh8 33. Bb6 1-0

[Event "*** Titled Tuesday Blitz"]
[Site "Chess.com"]
[Date "2019.01.01"]
[Round "10"]
[White "sunloong"]
[Black "Lion_DL"]
[Result "0-1"]
[WhiteElo "1943"]
[BlackElo "2368"]
[TimeControl "180+2"]
[EndTime "15:19:35 PST"]
[Termination "Lion_DL won by checkmate"]

1. e4 Nc6 2. d4 d5 3. Nc3 e5 4. exd5 Nxd4 5. Nge2 Nf5 6. Ng3 a6 7. Bd3 Nh4 8. O-O Be7 9. Re1 Ng6 10. Bxg6 hxg6 11.
Rxe5 Kf8 12. Qe2 Bd6 13. Re3 Nf6 14. Bd2 Ng4 15. Re4 Nxh2 16. Re1 Bd7 17. Qd1 Qf6 18.
R4e2 Ng4 19. Nce4 Qh4 20. Ng5 Qh2+ 21. Kf1 Qh1+ 22. Nxh1 Rxh1# 0-1

[Event "*** Titled Tuesday Blitz"]
[Site "Chess.com"]
[Date "2019.01.01"]
[Round "10"]
[White "Maili15"]
[Black "Viaje"]
[Result "1-0"]
[WhiteElo "2310"]
[BlackElo "2327"]
[TimeControl "180+2"]
[EndTime "15:19:38 PST"]
[Termination "Maili15 won by resignation"]

1. d4 Nf6 2. c4 c5 3. d5 b5 4. cxb5 a6 5. bxa6 g6 6. Nc3 Bg7 7. e4 O-O 8. Nf3 Qa5 9. Bd2 Bxa6 10. Be2 Qb4 11. e5 Ne4 12. O-O Nxd2 13. Qxd2 d6 14. Rfe1 Nd7 15. exd6 exd6 16. Bxa6 Rxa6 17. Re7 Nf6 18.
Rae1 h6 19. h3 Rb8 20. b3 c4 21. bxc4 Qxc4 22. Rc1 Rc8 23. Ne2 Nxd5 24. Rxc4 Nxe7 25. Rxc8+ Nxc8 26. Ned4 1-0

[Event "*** Titled Tuesday Blitz"]
[Site "Chess.com"]
[Date "2019.01.01"]
[Round "10"]
[White "nochewycandy"]
[Black "Makalexa"]
[Result "1-0"]
[WhiteElo "2265"]
[BlackElo "2132"]
[TimeControl "180+2"]
[EndTime "15:19:53 PST"]
[Termination "nochewycandy won by resignation"]

1. e4 e5 2. Nc3 Nc6 3. f4 d6 4. Nf3 g6 5. Bc4 Bg7 6. O-O Be6 7. d3 Bxc4 8. dxc4 Nge7 9. Nd5 O-O 10. c3 f6 11. Nh4 Nc8 12. f5 g5 13. Nf3 N6e7 14. h4 g4 15. Nh2 h5 16. Re1 c6 17. Ne3 Nb6 18. a4 a5 19. Nhf1 d5 20. cxd5 cxd5 21. Qb3 Kh7 22. Ng3 d4 23. cxd4 exd4 24.
Nc4 Nxc4 25. Qxc4 Nc6 26. Bf4 Qb6 27. Nxh5 Rac8 28. Qb5 Qxb5 29. axb5 Nb4 30. Rxa5 Nd3 31. Rd1 Nxf4 32. Nxf4 Bh6 33. Nd5 g3 34. Ra3 Rc2 35. Rxg3 Rxb2 36. Rxd4 Rxb5 37. Rc4 Rf7 38. Rc7 Rb1+ 39.
Kh2 Rxc7 40. Nxf6+ 1-0

[Event "*** Titled Tuesday Blitz"]
[Site "Chess.com"]
[Date "2019.01.01"]
[Round "10"]
[White "WorldChampionBulletChess"]
[Black "abubakrtagelsir"]
[Result "0-1"]
[WhiteElo "2118"]
[BlackElo "2252"]
[TimeControl "180+2"]
[EndTime "15:20:10 PST"]
[Termination "abubakrtagelsir won by checkmate"]

1. d4 d5 2. c4 c6 3. Nf3 Nf6 4. Nc3 dxc4 5. a4 Bf5 6. Bf4 e6 7. Ne5 Nd5 8. Bg3 Bb4 9. Rc1 b5 10. e3 Qa5 11. Qd2 O-O 12. axb5 cxb5 13. Be2 f6 14.
Nf3 Nc6 15. O-O Rad8 16. Ra1 Bxc3 17. bxc3 Qb6 18. Nh4 Rc8 19. Nxf5 exf5 20. Bd6 Rf7 21. Bc5 Qb7 22. Qc2 g6 23. Bf3 Rd7 24. e4 fxe4 25. Bxe4 f5 26. Bxf5 gxf5 27. Qxf5 Nd8 28. Rxa7 Rf7 29.
Qg5+ Rg7 30. Qf5 Rf7 31. Qg4+ Rg7 32. Qf3 Rf7 33. Qg3+ Rg7 34. Qh3 Nf4 35. Qh6 Qxg2# 0-1

[Event "*** Titled Tuesday Blitz"]
[Site "Chess.com"]
[Date "2019.01.01"]
[Round "10"]
[White "essequamvideris"]
[Black "KenanGarayev"]
[Result "0-1"]
[WhiteElo "2441"]
[BlackElo "2864"]
[TimeControl "180+2"]
[EndTime "15:20:15 PST"]
[Termination "KenanGarayev won by resignation"]

1. Nf3 Nf6 2. g3 g6 3. Bg2 Bg7 4. O-O O-O 5. c4 d6 6. Nc3 Nc6 7. d4 a6 8. a3 Rb8 9. b4 Bg4 10.
Bb2 Nd7 11. Nd5 Bxf3 12. Bxf3 e6 13. Ne3 e5 14. Bxc6 bxc6 15. dxe5 Nxe5 16. Rb1 f5 17. Qa4 f4 18. Bxe5 Bxe5 19. Ng4 Bg7 20. f3 fxg3 21. hxg3 Qg5 22. Qxc6 h5 23. Nh2 Qxg3+ 24. Kh1 Be5 25. f4 Rxf4 26. Rxf4 Bxf4 27. Qg2 Qxg2+ 28.
Kxg2 Bxh2 29. Kxh2 a5 30. Kg3 axb4 31. axb4 Re8 32.
Kf3 Kg7 33. b5 Kf6 34. e4 g5 35. Ke3 h4 36. Rf1+ Kg6 37. Rf5 Rh8 38. Kf3 h3 39. Kg4 Rh4+ 40. Kg3 h2 0-1

[Event "*** Titled Tuesday Blitz"]
[Site "Chess.com"]
[Date "2019.01.01"]
[Round "10"]
[White "afgano29"]
[Black "VerdeNotte"]
[Result "0-1"]
[WhiteElo "2670"]
[BlackElo "2847"]
[TimeControl "180+2"]
[EndTime "15:20:17 PST"]
[Termination "VerdeNotte won by resignation"]

1. d4 Nf6 2. c4 e6 3. Nf3 Bb4+ 4.
Nbd2 O-O 5. a3 Be7 6. e4 d6 7. Bd3 e5 8. O-O Nbd7 9. b3 Nh5 10. Re1 Nf4 11. Bf1 Bf6 12. d5 Nc5 13. Qc2 a5 14. Bb2 Bd7 15. b4 Na4 16. Nb3 Nxb2 17.
Qxb2 Bg4 18. Nfd2 axb4 19. axb4 Rxa1 20. Rxa1 Be2 21. c5 Qd7 22. g3 Bxf1 23. Nxf1 Qg4 24. Ne3 Nh3+ 25. Kg2 Nf4+ 26. Kf1 Qf3 27. gxf4 exf4 28.
Nd4 Qh1+ 29. Ke2 Qxe4 30. Rd1 fxe3 31. fxe3 Qg2+ 0-1

[Event "*** Titled Tuesday Blitz"]
[Site "Chess.com"]
[Date "2019.01.01"]
[Round "10"]
[White "TigranLPetrosyan"]
[Black "GeorgMeier"]
[Result "1-0"]
[WhiteElo "2864"]
[BlackElo "2818"]
[TimeControl "180+2"]
[EndTime "15:20:18 PST"]
[Termination "TigranLPetrosyan won by resignation"]

1. Nf3 d5 2. g3 Bg4 3. Bg2 e6 4. h3 Bh5 5. O-O Nf6 6. d3 Be7 7. Nbd2 c5 8. e4 Nc6 9. Qe1 O-O 10. a3 Rc8 11. b3 Qc7 12. Bb2 Rfd8 13. Rc1 b5 14. exd5 Nxd5 15. Ne4 Nb6 16. Ned2 a5 17. g4 Bg6 18. Ne5 Nxe5 19. Bxe5 Bd6 20. Bxd6 Qxd6 21. f4 f6 22. Kh1 Kh8 23. f5 exf5 24. gxf5 Bf7 25.
Ne4 Qd4 26. Rf4 Nd5 27. Rh4 Qe3 28. Qf1 c4 29. bxc4 bxc4 30. dxc4 Nc3 31. Re1 Nxe4 32. Rxe3 1-0

[Event "*** Titled Tuesday Blitz"]
[Site "Chess.com"]
[Date "2019.01.01"]
[Round "10"]
[White "IMAghasiyevKamal"]
[Black "snowlord"]
[Result "0-1"]
[WhiteElo "2554"]
[BlackElo "2704"]
[TimeControl "180+2"]
[EndTime "15:20:18 PST"]
[Termination "snowlord won by resignation"]

1. d4 Nf6 2. c4 g6 3. Nc3 d5 4.
cxd5 Nxd5 5. e4 Nxc3 6. bxc3 Bg7 7. Nf3 c5 8. Be3 Qa5 9. Nd2 Bd7 10. Be2 O-O 11. O-O b6 12. dxc5 Bxc3 13. Rc1 Bg7 14. cxb6 axb6 15. Nc4 Qxa2 16. Nxb6 Ba4 17. Qe1 Ra7 18. Bc4 Bb3 19. Bxb3 Qxb3 20. Nd5 Rd7 21. Rb1 Qd3 22. Bc5 Nc6 23. Qd1 Qc4 24. Rc1 Qxe4 25.
Nf6+ Bxf6 26. Qxd7 Ne5 27. Qh3 Nd3 28. Rc2 Nf4 29. Qf3 Qxc2 30. Qxf4 Qxc5 0-1

[Event "*** Titled Tuesday Blitz"]
[Site "Chess.com"]
[Date "2019.01.01"]
[Round "10"]
[White "riconaipe"]
[Black "TBergh98"]
[Result "1/2-1/2"]
[WhiteElo "2458"]
[BlackElo "2297"]
[TimeControl "180+2"]
[EndTime "15:20:28 PST"]
[Termination "Game drawn - insufficient material"]

1. d4 Nf6 2. c4 g6 3. Nc3 Bg7 4. e4 d6 5. Nge2 O-O 6. f3 a6 7. Be3 Nc6 8. Qd2 Rb8 9. Rc1 Bd7 10. a3 b5 11. cxb5 axb5 12. b4 e6 13. Ng3 Re8 14.
Bxb5 h5 15. O-O h4 16. Nge2 Nh5 17. a4 Nxb4 18. Bg5 Bf6 19. Bxf6 Nxf6 20. e5 Nfd5 21. Nxd5 Nxd5 22. Rb1 Bxb5 23. axb5 Qd7 24. Nc3 Nxc3 25. Qxc3 dxe5 26. dxe5 Rxb5 27. Rxb5 Qxb5 28. Qxc7 Qe2 29. Qc3 Rd8 30. Qe1 Rd2 31. Qxe2 Rxe2 32. f4 Kg7 33. Rf2 Re1+ 34. Rf1 Re2 35. Rf2 Re1+ 36. Rf1 Re2 37. g3 hxg3 38. hxg3 Kh6 39. Rf2 Rxf2 40. Kxf2 g5 41.
Kf3 gxf4 42. gxf4 Kh5 43. Kg3 Kh6 44. Kh4 Kg6 45. Kg4 f6 46. exf6 Kxf6 47. Kf3 Kf5 48.
Ke3 e5 49. fxe5 Kxe5 1/2-1/2

[Event "*** Titled Tuesday Blitz"]
[Site "Chess.com"]
[Date "2019.01.01"]
[Round "10"]
[White "VeraNebolsina"]
[Black "2nd_life"]
[Result "0-1"]
[WhiteElo "2379"]
[BlackElo "2456"]
[TimeControl "180+2"]
[EndTime "15:20:32 PST"]
[Termination "2nd_life won by resignation"]

1. e4 e5 2. Nf3 Nc6 3. Nc3 Nf6 4. d4 exd4 5. Nxd4 Bb4 6. Nxc6 bxc6 7. Bd3 d5 8. exd5 O-O 9. O-O cxd5 10. h3 h6 11. Qf3 Be6 12. Ne2 Bd6 13. Bf4 c5 14. b3 a5 15. Rad1 Re8 16. Bb5 Bd7 17.
Bxd7 Qxd7 18. Bxh6 gxh6 19. Qxf6 Rxe2 20. Qxh6 Re6 21.
Qg5+ Rg6 22. Qxd5 Rd8 23. Qf3 Re8 24. Rd3 Ree6 25. Rfd1 Ref6 26. Qh5 Kg7 27. f3 Qe7 28.
Qh4 Qe2 29. Qf2 Bh2+ 0-1

[Event "*** Titled Tuesday Blitz"]
[Site "Chess.com"]
[Date "2019.01.01"]
[Round "10"]
[White "JozefKneht"]
[Black "Quiet_Desperation"]
[Result "1-0"]
[WhiteElo "2522"]
[BlackElo "2382"]
[TimeControl "180+2"]
[EndTime "15:20:36 PST"]
[Termination "JozefKneht won by resignation"]

1. e4 Nc6 2. Nf3 d6 3. d4 Nf6 4.
Nc3 d5 5. e5 Ne4 6. Bd3 Bf5 7.
O-O e6 8. Ne2 Be7 9. c3 O-O 10.
h3 Na5 11. g4 Bg6 12. Nf4 b6 13. Kg2 c5 14. Rh1 Rc8 15. h4 f5 16. exf6 Rxf6 17.
g5 Rxf4 18. Bxf4 Bd6 19. Bxd6 Qxd6 20. Ne5 Bf5 21. f3 cxd4 22. cxd4 Nc4 23. Bxc4 dxc4 24. fxe4 Bxe4+ 25. Kg1 c3 26. Rh2 c2 27. Qd2 Bf5 28. Rc1 Qd5 29. Rf2 Qe4 30. Rf4 Qd5 31. Kh2 Rd8 32. Rxc2 Bxc2 33. Qxc2 Qxa2 34. g6 hxg6 35. Qxg6 Qxb2+ 36. Kh3 Qb3+ 37. Rf3 Qd5 38. Rg3 Qb7 39. Qxe6+ Kh8 40. Nf7+ 1-0

[Event "*** Titled Tuesday Blitz"]
[Site "Chess.com"]
[Date "2019.01.01"]
[Round "10"]
[White "ramses135"]
[Black "Jospem"]
[Result "0-1"]
[WhiteElo "2511"]
[BlackElo "2797"]
[TimeControl "180+2"]
[EndTime "15:20:37 PST"]
[Termination "Jospem won by resignation"]

1. e4 e5 2. Nf3 Nc6 3. Bb5 a6 4. Bxc6 dxc6 5. O-O Bd6 6. d4 exd4 7. Qxd4 f6 8. Be3 Ne7 9. Nbd2 Be6 10. Qc3 Qd7 11.
Nc4 Bxc4 12. Qxc4 O-O-O 13. Rfd1 Ng6 14. b4 Rhe8 15. a4 Qe6 16. Qc3 Qxe4 17. b5 Qb4 18. Qxb4 Bxb4 19. bxc6 bxc6 20. Nd4 Ne5 21. Rab1 c5 22.
Nf5 Rxd1+ 23. Rxd1 g6 24. Ng3 Nc4 25. Bc1 Nb6 26.
Bb2 f5 27. Ra1 Nc4 28. Bf6 Re6 29. Bg5 a5 30. Nf1 Nb6 31. Ne3 Bc3 32. Ra3 Bb2 33. Ra2 Bd4 34. Kf1 Bg7 35. h4 Re4 36. Rb2 Bxb2 0-1

[Event "*** Titled Tuesday Blitz"]
[Site "Chess.com"]
[Date "2019.01.01"]
[Round "10"]
[White "PulpanJ"]
[Black "gemarin"]
[Result "1-0"]
[WhiteElo "2602"]
[BlackElo "2086"]
[TimeControl "180+2"]
[EndTime "15:20:38 PST"]
[Termination "PulpanJ won by resignation"]

1. e4 c5 2. Nf3 Nc6 3. Bb5 Qc7 4. Nc3 e6 5. Bxc6 Qxc6 6. O-O Nf6 7. Re1 Be7 8. d4 cxd4 9. Nxd4 Qc4 10. Ndb5 O-O 11.
Nd6 Qc6 12. Bf4 b6 13. e5 Ne8 14. Nxc8 Rxc8 15. Re3 f6 16. Qd2 Bc5 17. Re2 fxe5 18. Bxe5 d6 19. Bd4 Bb4 20. Rxe6 Nc7 21. Re7 Rf7 22.
Rxf7 Kxf7 23. Qg5 Ne6 24. Qf5+ Ke7 25. Nd5+ 1-0

[Event "*** Titled Tuesday Blitz"]
[Site "Chess.com"]
[Date "2019.01.01"]
[Round "10"]
[White "Zufi1811"]
[Black "andante"]
[Result "1-0"]
[WhiteElo "2412"]
[BlackElo "2302"]
[TimeControl "180+2"]
[EndTime "15:20:45 PST"]
[Termination "Zufi1811 won by resignation"]

1. g3 g6 2. Bg2 Bg7 3. f4 Nf6 4. Nf3 d5 5. O-O c5 6. d3 Nc6 7. Nc3 O-O 8. e4 dxe4 9. dxe4 Qxd1 10. Rxd1 Bg4 11. Be3 e5 12. Bxc5 Rfe8 13. h3 Bxf3 14. Bxf3 Nd4 15. Bxd4 exd4 16. Rxd4 Nh5 17. Rd7 Nxg3 18.
e5 f6 19. e6 f5 20. Nb5 Rad8 21. Rad1 Bf6 22. Nc7 Rxd7 23. exd7 Rb8 24. Re1 Ne4 25. Bxe4 fxe4 26. Rxe4 Kf7 27. Nb5 Rd8 28. Nd6+ Kg7 29. Ne8+ Kf7 30. Nxf6 Kxf6 31. Rd4 Ke6 32. Kf2 b6 33. Ke3 h5 34. Ke4 Kf6 35. c4 Ke6 36. b4 Kf6 37. Rd6+ Kf7 38. Ke5 h4 39. c5 bxc5 40. bxc5 Ke7 41. c6 Rb8 42. Re6+ 1-0

[Event "*** Titled Tuesday Blitz"]
[Site "Chess.com"]
[Date "2019.01.01"]
[Round "10"]
[White "champ2005"]
[Black "mitrabhaa"]
[Result "0-1"]
[WhiteElo "2644"]
[BlackElo "2622"]
[TimeControl "180+2"]
[EndTime "15:20:51 PST"]
[Termination "mitrabhaa won by resignation"]

1. b3 d5 2. Bb2 Bg4 3. Nf3 Bxf3 4. gxf3 Nf6 5. e3 Nbd7 6. h4 h5 7. Bh3 e6 8. Nc3 g6 9. Qe2 Bg7 10. O-O-O a5 11. a4 c6 12. f4 O-O 13. Rhg1 Qe7 14.
f3 Rfb8 15. Qg2 b5 16. f5 exf5 17. Bxf5 Nc5 18. Bxg6 fxg6 19. Qxg6 Qf7 20. Qg5 Ne6 21.
Qg2 Kh7 22. axb5 cxb5 23. Qh3 a4 24. Qf5+ Kg8 25. Nxd5 Nxd5 26. Qxd5 a3 27. Bxg7 Nxg7 28. Qxf7+ Kxf7 29. Rg5 b4 30. d4 Rc8 31. Kb1 Rc3 32.
d5 Rxe3 33. d6 Rxf3 34. d7 Ne6 35. Rxh5 Rc3 36. Rh7+ Kg6 37. Re7 a2+ 38. Kb2 Nd4 39.
Rg1+ Kf6 0-1

[Event "*** Titled Tuesday Blitz"]
[Site "Chess.com"]
[Date "2019.01.01"]
[Round "10"]
[White "mouseWLZ"]
[Black "OparinGrigoriy"]
[Result "0-1"]
[WhiteElo "2395"]
[BlackElo "2906"]
[TimeControl "180+2"]
[EndTime "15:20:55 PST"]
[Termination "OparinGrigoriy won by checkmate"]

1. e4 c6 2. d4 d5 3. e5 c5 4. dxc5 e6 5. a3 Bxc5 6. b4 Bb6 7. Qg4 Ne7 8. Bb2 Ng6 9. Nf3 Nc6 10. Bd3 h5 11. Qg3 h4 12. Qg4 Nce7 13. Nbd2 h3 14. g3 Bd7 15. c4 Rc8 16. O-O a5 17. Ng5 Nf5 18. Kh1 dxc4 19. Nxc4 Rxc4 20. Bxc4 Bc6+ 21. Ne4 Qd2 22. Bxe6 Bxe4+ 23. Qxe4 fxe6 24. Qxb7 O-O 25. Qxb6 Qd5+ 26. f3 Nxg3+ 27. hxg3 Rxf3 28. Kh2 Rxf1 29. Kxh3 Qh1+ 30. Kg4 Qf3+ 31. Kh3 Qh5+ 32. Kg2 Qh1# 0-1

[Event "*** Titled Tuesday Blitz"]
[Site "Chess.com"]
[Date "2019.01.01"]
[Round "10"]
[White "Hikaru"]
[Black "Indianlad"]
[Result "0-1"]
[WhiteElo "3031"]
[BlackElo "2874"]
[TimeControl "180+2"]
[EndTime "15:21:02 PST"]
[Termination "Indianlad won by checkmate"]

1. Nf3 Nf6 2. b3 d5 3. Bb2 e6 4.
e3 Bd6 5. d4 O-O 6. c4 b6 7.
cxd5 exd5 8. Nbd2 Bb7 9. Bd3 Nbd7 10. O-O Qe7 11. Rc1 Ne4 12. Qc2 Rac8 13. Qb1 f5 14. Bb5 c6 15. Bd3 Rf6 16. Rfe1 Re8 17. Nf1 Re6 18.
Ng3 g6 19. Rc2 h5 20. Rec1 h4 21. Nf1 g5 22. N3d2 g4 23. f4 Nxd2 24. Rxd2 Rxe3 25.
Bxf5 Nf6 26. g3 hxg3 27. hxg3 Ba6 28. Bd3 Ne4 29. Rdd1 Nxg3 30. Bxa6 Qh4 31. Qg6+ Kf8 32. Qxd6+ R8e7 33. Nxe3 Qh1+ 34. Kf2 Qf3+ 35. Kg1 Qxe3+ 36. Kg2 Qf3+ 37. Kg1 Qh1+ 38. Kf2 Qh2# 0-1

[Event "*** Titled Tuesday Blitz"]
[Site "Chess.com"]
[Date "2019.01.01"]
[Round "10"]
[White "Ali_rastbod"]
[Black "BogdanDeac"]
[Result "0-1"]
[WhiteElo "2600"]
[BlackElo "2749"]
[TimeControl "180+2"]
[EndTime "15:21:03 PST"]
[Termination "BogdanDeac won by resignation"]

1. c4 e5 2. Nc3 Nf6 3. Nf3 Nc6 4. e4 Bb4 5. d3 d6 6. Be2 Bc5 7. O-O Nd4 8. Nxd4 Bxd4 9. Be3 Bxe3 10. fxe3 O-O 11.
Rf2 c6 12. Qb3 Rb8 13. Raf1 Be6 14. Qc2 b5 15. b3 bxc4 16. dxc4 Nd7 17. Rd1 Nc5 18.
Rd2 Qg5 19. Rf3 Rfd8 20. Rg3 Qe7 21. Bg4 Bxg4 22. Rxg4 a5 23. Rg3 g6 24. Rf3 Kg7 25. Rdf2 Rf8 26. Qd1 Rb4 27. Rd2 a4 28. Nxa4 Nxa4 29.
bxa4 Rfb8 30. Rf1 Rxc4 31. Rxd6 Rb7 32. a5 Rxe4 33. Rxc6 Rxe3 34. a6 Ra7 35. Qd5 Ra3 36. Re1 f6 37. Re6 Qf7 38. Qc6 Rxa2 39. Rf1 R2xa6 40. Qxa6 Rxa6 41. Rxa6 f5 42. Ra3 e4 43. Rfa1 Qf6 44. Ra7+ Kh6 45. R7a3 f4 46. Re1 Qd4+ 47. Kh1 Qf2 48. Raa1 e3 49. Rf1 Qd2 50. Rxf4 e2 51. Rh4+ Kg5 52. Re4 Qd1+ 0-1

[Event "*** Titled Tuesday Blitz"]
[Site "Chess.com"]
[Date "2019.01.01"]
[Round "10"]
[White "Vamostodorecto"]
[Black "Daniela_Movileanu"]
[Result "1-0"]
[WhiteElo "2413"]
[BlackElo "2481"]
[TimeControl "180+2"]
[EndTime "15:21:09 PST"]
[Termination "Vamostodorecto won by checkmate"]

1. d4 Nf6 2. c4 e6 3. Nc3 d5 4. cxd5 exd5 5. Bg5 c6 6. Qc2 Be7 7. e3 O-O 8. Bd3 Be6 9. Nge2 Nbd7 10. O-O h6 11.
Bh4 Re8 12. f3 Bd6 13. Kh1 Qc7 14. e4 dxe4 15. fxe4 Bxh2 16. e5 Ng4 17. Rf3 g5 18. Be1 Rad8 19. Nb5 Qb6 20. Nd6 Bxe5 21. dxe5 Ndxe5 22. Nxe8 Nxf3 23. gxf3 Nf2+ 24. Bxf2 Qxf2 25. Nf6+ Kf8 26.
Ng1 Qh4+ 27. Kg2 g4 28. fxg4 Bd5+ 29. Nxd5 Rxd5 30. Bf5 Qg5 31. Rd1 Re5 32. Nf3 Qe3 33. Nxe5 Qxe5 34. Qc3 Qf4 35. Rd8+ Ke7 36. Rd7+ Kf8 37.
Qh8# 1-0

[Event "*** Titled Tuesday Blitz"]
[Site "Chess.com"]
[Date "2019.01.01"]
[Round "10"]
[White "TheBigBadChessDad"]
[Black "Obito24"]
[Result "1/2-1/2"]
[WhiteElo "2263"]
[BlackElo "2606"]
[TimeControl "180+2"]
[EndTime "15:21:10 PST"]
[Termination "Game drawn by agreement"]

1. d4 Nf6 2. Nf3 e6 3. Bf4 b6 4.
e3 Bb7 5. Bd3 c5 6. c3 Be7 7. Nbd2 cxd4 8. cxd4 d6 9. Qe2 Nbd7 10.
h3 a6 11. a4 O-O 12. O-O Nd5 13. Bh2 Nb4 14. Rfc1 Nxd3 15. Qxd3 Rc8 16. Ne4 Rxc1+ 17. Rxc1 Qb8 18. Rc3 Rc8 19. Nfd2 Rxc3 20. Qxc3 f5 21. Ng3 Nf6 22. Ne2 Nd5 23. Qb3 Qc7 24. Nc3 Qc6 25. Nxd5 Qxd5 26. Qxd5 Bxd5 27. b3 b5 28. axb5 axb5 29.
f3 Kf7 30. Kf2 Ke8 31. e4 fxe4 32. fxe4 Bb7 33. Ke3 Kd7 34. Nf3 Bd8 35. Bg3 h6 36.
b4 Bb6 37. Kd3 Ke7 38. e5 dxe5 39. Bxe5 1/2-1/2

[Event "*** Titled Tuesday Blitz"]
[Site "Chess.com"]
[Date "2019.01.01"]
[Round "10"]
[White "bugsbunny444"]
[Black "dmosesov"]
[Result "1/2-1/2"]
[WhiteElo "2531"]
[BlackElo "2352"]
[TimeControl "180+2"]
[EndTime "15:21:14 PST"]
[Termination "Game drawn by agreement"]

1. Nf3 Nf6 2. c4 e6 3. g3 d5 4. Bg2 dxc4 5. Qc2 Nbd7 6. Na3 Bxa3 7. bxa3 Nb6 8. Bb2 O-O 9. Ne5 c5 10. Nxc4 Nxc4 11. Qxc4 Bd7 12. Qxc5 Rc8 13. Qxa7 Bc6 14.
Bxc6 Rxc6 15. Bxf6 Qxf6 16. O-O Rc2 17. Qe3 Rd8 18. d3 Ra8 19. Rfc1 Qb2 20. Rxc2 Qxc2 21.
h4 h6 22. Kh2 Rxa3 23. Rc1 Qa4 24. Rc8+ Kh7 25. Rc4 Qd7 26. Qe4+ f5 27. Qe5 Rxa2 28.
Rc7 Rxe2 29. Rxd7 Rxe5 30. Rxb7 Rd5 31. Re7 1/2-1/2

[Event "*** Titled Tuesday Blitz"]
[Site "Chess.com"]
[Date "2019.01.01"]
[Round "10"]
[White "VladDobrov"]
[Black "1e41-0"]
[Result "1-0"]
[WhiteElo "2821"]
[BlackElo "2578"]
[TimeControl "180+2"]
[EndTime "15:21:19 PST"]
[Termination "VladDobrov won by resignation"]

1. e4 e6 2. d4 d5 3. Nc3 Bb4 4. e5 c5 5. a3 Bxc3+ 6. bxc3 Qa5 7. Bd2 Qa4 8. Qb1 c4 9. h4 Ne7 10. h5 h6 11. Rh3 Nbc6 12. Rg3 Nf5 13. Rf3 Bd7 14.
g4 Nfe7 15. Nh3 Rf8 16. g5 hxg5 17. Nxg5 Nf5 18. Rxf5 exf5 19. h6 gxh6 20. Nh7 O-O-O 21. Nxf8 Rxf8 22. Bg2 Rg8 23. Kf1 f4 24. Bxd5 Ne7 25.
Qxb7+ Kd8 26. Qa8+ Kc7 27. Qb7+ Kd8 28. Qb8+ Nc8 29.
Be4 f3 30. e6 Bxe6 31. Bxh6 Bh3+ 32. Ke1 Qa6 33. Bf4 Rg1+ 34. Kd2 Rxa1 35. Qc7+ Ke8 36.
Bc6+ Kf8 37. Bh6+ Kg8 38. Qg3+ 1-0

[Event "*** Titled Tuesday Blitz"]
[Site "Chess.com"]
[Date "2019.01.01"]
[Round "10"]
[White "Shivagami"]
[Black "Winehouse83"]
[Result "0-1"]
[WhiteElo "2132"]
[BlackElo "2400"]
[TimeControl "180+2"]
[EndTime "15:21:19 PST"]
[Termination "Winehouse83 won by resignation"]

1. d4 Nf6 2. Bf4 c5 3. e3 g6 4. Nf3 Bg7 5. c3 cxd4 6. exd4 b6 7. Nbd2 Bb7 8. Be2 O-O 9. O-O d6 10. a4 a6 11. Nc4 Nbd7 12. Qc1 Rc8 13. Bh6 Bxf3 14.
gxf3 Qc7 15. Bxg7 Kxg7 16. Ne3 Ra8 17. Bd3 Qb7 18. Qd1 e5 19. Nc4 Qc7 20. Re1 Nh5 21. Bf1 Nf4 22. dxe5 Nxe5 23. Nxd6 Rad8 24. Rxe5 Rxd6 25.
Qe1 a5 26. Re7 Qc5 27. Qe5+ Rf6 28. Rd1 Qc6 29. Red7 Qxf3 30. R1d6 Ne6 31. Qg3 Qf5 32. Bh3 Qb1+ 33. Kg2 Qe4+ 34. Kg1 Nf4 35. Bf1 Qe1 36. Qe3 Nh3+ 37. Kg2 Rxf2+ 0-1

[Event "*** Titled Tuesday Blitz"]
[Site "Chess.com"]
[Date "2019.01.01"]
[Round "10"]
[White "salomez"]
[Black "viktorko131"]
[Result "1-0"]
[WhiteElo "2154"]
[BlackElo "2085"]
[TimeControl "180+2"]
[EndTime "15:21:22 PST"]
[Termination "salomez won on time"]

1. e4 c5 2. Nf3 Nc6 3. Bb5 e6 4. O-O Nge7 5. b3 a6 6. Bxc6 Nxc6 7. Bb2 d6 8. d4 cxd4 9. Nxd4 e5 10. Ne2 Be7 11. c4 O-O 12. Nbc3 b5 13. cxb5 axb5 14. Nxb5 Bg4 15. Nbc3 Qb6 16. Nd5 Qa7 17. Rc1 Rfc8 18. Nxe7+ Nxe7 19. Rxc8+ Rxc8 20. a4 Ng6 21. h3 Be6 22. b4 h6 23. a5 Rc4 24. Qxd6 Rxe4 25. Ng3 Rc4 26. Bxe5 Nxe5 27. Qxe5 Rxb4 28. Nh5 Kf8 29. Qxg7+ Ke8 30. Rd1 1-0

[Event "*** Titled Tuesday Blitz"]
[Site "Chess.com"]
[Date "2019.01.01"]
[Round "10"]
[White "Chessialist"]
[Black "Anar_Aliakbarov"]
[Result "1-0"]
[WhiteElo "2534"]
[BlackElo "2450"]
[TimeControl "180+2"]
[EndTime "15:21:23 PST"]
[Termination "Chessialist won by resignation"]

1. e4 c5 2. Nf3 e6 3. Qe2 Nc6 4.
d3 Nf6 5. g3 d5 6. Bg2 Be7 7. O-O O-O 8. Re1 b5 9. Nbd2 a5 10. e5 Nd7 11. Nf1 Qc7 12. h4 b4 13.
Bf4 a4 14. h5 Ba6 15. N1h2 Nd4 16. Qd2 Rfc8 17. Ng4 Nxf3+ 18. Bxf3 c4 19. Bg5 Bf8 20. h6 g6 21. Qe3 cxd3 22. cxd3 Qc2 23. Bxd5 Qxd3 24.
Qxd3 Bxd3 25. Bxa8 Rxa8 26. Rad1 Nc5 27. Be3 Bc2 28. Nf6+ Kh8 29. Bxc5 Bxc5 30. Rd7 g5 31. Rxf7 b3 32. Rc1 bxa2 33. Rxc2 a1=Q+ 34. Kg2 Ra7 35. Rxa7 1-0